AoeStats
← SfL13

Arena

507042370Analyzed
1v1 RM · 14d ago on Sep 16, 2026· 46m 30s· 2 players
Game mode
Random Map
Map size
Tiny (2 player)
Population
200
Speed
Normal
Resources
Standard
Victory
Conquest
Starting age
Dark Age
Ending age
Imperial Age
RankedLock teamsTeams togetherTeam positionsShared explorationLock speedFull tech treeHidden civsTurbo modeCheats
Victory
Defeat
🇫🇷 Magyars · France
954
+15
🇿🇦 Japanese · South Africa
930
-15
SfL13
12:12 Feudal Age
16:28 Castle Age
14:28 Double-Bit Axe
15:16 Horse Collar
16:23 Loom
19:30 Scale Mail Armor
19:41 Forging
19:50 Bow Saw
28:41 Wheelbarrow
34:26 Imperial Age
32:37 Gold Mining
34:37 Pikeman
37:43 Ballistics
39:55 Chemistry
40:49 Halberdier
42:19 Heavy Plow
45:34 Chain Mail Armor
Fr Spawn666
11:58 Feudal Age
12:45 Double-Bit Axe
15:27 Wheelbarrow
19:02 Castle Age
21:16 Gold Mining
21:40 Fletching
22:02 Scale Barding Armor
26:30 Bodkin Arrow
27:11 Horse Collar
33:25 Imperial Age
33:17 Gold Shaft Mining
33:31 Padded Archer Armor
33:17 Crossbowman
34:02 Thumb Ring
34:10 Loom
37:31 Bracer
37:45 Arbalester
46:13 Bow Saw
Connection lost

Rejoining the realm…

Still unreachable

The connection could not be restored.

Session expired

The server has moved on; the page needs a fresh start.